 Dungeon Crawl Stone Soup version 0.29.1-15-g9cfb28693d (webtiles) character file.

Game seed: 2862772218843394457

150 tizbic2 the Trooper (level 5, 0/46 HPs)
             Began as a Ghoul Fighter on Apr 22, 2023.
             Slain by Sigmund
             ... wielding a +0 scythe
              (2 damage)
             ... on level 3 of the Dungeon.
             The game lasted 00:05:32 (2247 turns).

tizbic2 the Trooper (Ghoul Fighter)                 Turns: 2247, Time: 00:05:33

Health: 0/46       AC: 11    Str: 22    XL:     5   Next: 32%
Magic:  4/4        EV:  7    Int:  3    God:
Gold:   150        SH:  0    Dex:  8    Spells: 4/4 levels left

rFire   . . .      SeeInvis .   a - +0 war axe
rCold   + . .      Faith    .   c - +0 buckler
rNeg    + + +      Spirit   .   r - +0 chain mail
rPois   ∞          Reflect  .   (no helmet)
rElec   .          Harm     .   f - +0 cloak
rCorr   .          Rampage  .   k - +0 pair of gloves
Will    .....                   (no boots)
Stlth   ..........              (no amulet)
HPRegen 0.00/turn               (no ring)
MPRegen 0.09/turn               (no ring)

@: confused, mighty, inhibited regen
A: claws 1, cold resistance 1, negative energy resistance 3, inhibited
regeneration, torment resistance 2, devour on kill
a: no special abilities


You were on level 3 of the Dungeon.
You visited 1 branch of the dungeon, and saw 3 of its levels.

You collected 150 gold pieces.

Inventory:

Hand Weapons
 a - a +0 war axe (weapon)
 g - a +0 trident
 w - a +0 sling
Armour
 b - a +0 scale mail
 c - a +0 buckler (worn)
 f - a +0 cloak (worn)
 k - a +0 pair of gloves (worn)
 r - a +0 chain mail (worn)
Scrolls
 h - a scroll of enchant armour {unknown}
 i - a scroll of teleportation {unknown}
 l - 2 scrolls of noise {unknown}
 m - 2 scrolls of poison {unknown}
 n - a scroll of silence {unknown}
 p - a scroll of fog {unknown}
Potions
 e - a potion of curing
 j - a potion of ambrosia
 o - a potion of flight


   Skills:
 + Level 4.1 Fighting
 + Level 2.6 Axes
 + Level 3.3 Armour
 * Level 3.9 Shields


You had 4 spell levels left.
You didn't know any spells.
Your spell library contained the following spells:

 Spells                   Type           Power      Damage    Failure   Level
 Call Canine Familiar     Summ           0%         N/A       100%        3
 Portal Projectile        Hex/Tloc       0%         N/A       100%        3
 Stone Arrow              Conj/Erth      0%         3d7       100%        3
 Animate Armour           Summ/Erth      0%         N/A       100%        4
 Leda's Liquefaction      Hex/Erth       0%         N/A       100%        4
 Lehudib's Crystal Spear  Conj/Erth      0%         10d2      100%        8


Dungeon Overview and Level Annotations

Branches:
Dungeon (3/15)

Altars:
Yredelemnul

Shops:
D:2 ?

Annotations:
D:3 Sigmund


Innate Abilities, Weirdness & Mutations

You are immune to poison.
You have sharp fingernails.
Your flesh is cold resistant. (rC+)
You are immune to negative energy. (rN+++)
You do not regenerate when monsters are visible.
You are immune to unholy pain and torment.
You thrive by killing the living.


Message History

A hobgoblin comes into view.
The hobgoblin shouts!
The endoplasm hits you but does no damage.
Sigmund hits you with a +0 scythe.
You hit Sigmund but do no damage. You hit the endoplasm.
You kill the endoplasm!
You feel better. Sigmund hits you with a +0 scythe.
You feel very mighty all of a sudden.
You barely miss Sigmund.
Sigmund whispers, "You'll know eternity soon."
Sigmund points at you and mumbles some strange words.
You resist with some effort.
The hobgoblin hits you but does no damage.
Sigmund points at you and mumbles some strange words.
The puff of flame hits you!
You slash Sigmund!
Sigmund is moderately wounded.
You hit the hobgoblin.
You kill the hobgoblin!
Sigmund hits you with a +0 scythe!
You completely miss Sigmund.
Sigmund is moderately wounded.
Sigmund hits you with a +0 scythe.
* * * LOW HITPOINT WARNING * * *
You barely miss Sigmund.
Sigmund is moderately wounded.
Sigmund hits you but does no damage.
Unknown command.
You barely miss Sigmund.
Sigmund is moderately wounded.
Sigmund hits you with a +0 scythe!
* * * LOW HITPOINT WARNING * * *
You barely miss Sigmund.
Sigmund is moderately wounded.
Sigmund gestures at you while chanting.
You are confused.
You closely miss Sigmund.
Sigmund is moderately wounded.
Sigmund hits you with a +0 scythe.
You die...

##### ## #..?# ...
#...# ...⌠
#...#####..:..
###########...##.....#
...[............@#
.##########....@##
.#### #.......†.......
....# ........>...####
....# #.............
....## #.........#####
.....# #####.#...#
.....# ..#...# .....##
#.......


You could see Sigmund.

Vanquished Creatures
  A water moccasin (D:3)
  2 adders
  An orc (D:2)
  3 bats (D:1)
  2 endoplasms
  3 hobgoblins
  3 jackals (D:1)
  6 kobolds
  4 ball pythons
  A goblin (D:3)
  4 rats
30 creatures vanquished.

Notes
Turn   | Place    | Note
-------+----------+-------------------------------------------
     0 | D:1      | tizbic2 the Ghoul Fighter began the quest for the Orb.
     0 | D:1      | Reached XP level 1. HP: 19/19 MP: 0/0
   231 | D:1      | Reached XP level 2. HP: 26/26 MP: 1/1
   939 | D:2      | Reached XP level 3. HP: 31/31 MP: 2/2
  1110 | D:2      | Found Kargh's Magic Scroll Emporium.
  1153 | D:2      | Found a basalt altar of Yredelemnul.
  2027 | D:3      | Noticed a water moccasin
  2042 | D:3      | Killed a water moccasin
  2043 | D:3      | Reached skill level 4 in Fighting
  2043 | D:3      | Reached XP level 4. HP: 16/40 MP: 3/3
  2043 | D:3      | Reached XP level 5. HP: 18/46 MP: 4/4
  2232 | D:3      | Noticed Sigmund
  2244 | D:3      | HP: 2/46 [Sigmund/+0 scythe (9)]
  2247 | D:3      | Slain by Sigmund

Illustrated notes

Levels and vault maps discovered:
D:1:      doesnt_arrival_eight_statues, layout_basic
D:2:      layout_loops_corners, serial_shops, nicolae_shop_statue_plus,
          basic_altar, minivault_5, serial_bayou_lake_a
D:3:      layout_rooms, nicolae_overflow_hallway_of_the_gods,
          dreamdust_ecumenical_altar_angels_and_demons, uniq_sigmund, uniq_ijyb

Skill      XL: |  1  2  3 |
---------------+----------+-----
Shields        | 3 |  3.9
Axes           | 2 |  2.6
Armour         | 3 |  3.3
Fighting       | 4 |  4.1

Action                   |  1- 3 |  4- 6 || total
-------------------------+-------+-------++-------
Melee: War axe           |    89 |     8 ||    97
 Fire: Sling             |    24 |       ||    24
  Use: Scroll            |     3 |       ||     3
       Potion            |       |     1 ||     1
Armor: Scale mail        |    56 |       ||    56
       Chain mail        |    13 |     4 ||    17
Dodge: Dodged            |    54 |       ||    54
Block: Buckler           |    23 |       ||    23
